Map: Mist Opportunities

Players

NamroodTuo

  • Race: Terran Terran
  • Spawn Location: 5:00

InvI

  • Race: Protoss Protoss
  • Spawn Location: 6:00

VOD

Have the link to the VOD?

Description

Time

  • Played on: Jan. 25, 2023, 7:31 a.m.
  • Length: 14:18
Show
View Real Time Build Order
Export as new Build Order

NamroodTuo Terran 

Build Orders:  

Get SALT Encoding   

  12  0:03  SCV  
  13  0:17  SCV  
  14  0:31  SCV  
  15  0:42  Factory  
  15  0:57  Supply Depot  
  15  1:25  SCV  
  16  1:36  SCV  
  17  1:44  Perdition Turret  
  17  1:48  SCV  
  18  2:06  Devastation Turret  
  18  2:22  Perdition Turret  
  18  2:26  SCV  
  19  2:35  Devastation Turret  
  19  2:36  Supply Depot  
  19  2:38  SCV  
  19  2:49  Perdition Turret  
  20  3:12  Perdition Turret  
  20  3:22  SCV  
  20  3:27  Devastation Turret  
  21  3:34  SCV  
  22  3:41  Devastation Turret  
  22  3:53  Perdition Turret  
  22  3:58  Perdition Turret  
  22  4:11  Devastation Turret  
  22  4:25  Perdition Turret  
  22  4:36  Devastation Turret  
  22  4:42  SCV  
  23  4:53  SCV  
  24  5:05  SCV  
  25  5:17  SCV  
  26  5:26  Engineering Bay  
  26  5:29  SCV  
  27  5:41  SCV  
  27  5:42  Devastation Turret  
  28  5:52  SCV  
  28  5:56  Armory  
  29  6:04  SCV  
  29  6:05  Spinning Dizzy  
  30  6:12  Spinning Dizzy  
  30  6:30  Spinning Dizzy  
  30  6:44  Refinery  
  30  6:45  Refinery  
  30  7:30  SCV  
  31  7:55  Fire-Suppression Systems  
  31  8:43  SCV  
  31  9:18  Devastation Turret  
  31  9:27  Upgrade Laser Drill Level 1  
  31  9:32  Devastation Turret  
  31  9:39  SCV  
  28  9:51  SCV  
  29  10:03  SCV  
  30  10:15  SCV  
  31  10:41  Perdition Turret x2  
  31  10:42  Perdition Turret  
  31  10:44  Perdition Turret  
  31  10:45  Perdition Turret  
  31  10:48  Perdition Turret  
  31  11:05  Starport  
  31  11:06  Starport  
  31  11:09  Perdition Turret  
  31  11:48  Devastation Turret  
  31  11:51  Devastation Turret  
  31  11:54  Perdition Turret, Devastation Turret  
  31  12:02  Starport Tech Reactor  
  31  12:03  Starport Tech Reactor  
  31  12:18  Spinning Dizzy  
  31  12:19  Spinning Dizzy  
  31  12:20  Spinning Dizzy  
Show
View Real Time Build Order
Export as new Build Order

InvI Protoss 

Build Orders:  

Get SALT Encoding   

  12  0:01  Probe (Chrono Boost)  
  13  0:13  Probe (Chrono Boost)  
  14  0:26  Pylon  
  14  0:28  Probe (Chrono Boost)  
  15  0:49  Probe (Chrono Boost)  
  15  0:59  Pylon  
  16  1:01  Probe (Chrono Boost)  
  17  1:13  Probe (Chrono Boost)  
  18  1:25  Probe (Chrono Boost)  
  19  1:37  Probe (Chrono Boost)  
  19  1:38  Pylon  
  20  1:45  Pylon  
  20  1:49  Probe (Chrono Boost)  
  20  1:52  Assimilator  
  21  2:01  Probe (Chrono Boost)  
  22  2:13  Probe (Chrono Boost)  
  23  2:25  Probe (Chrono Boost)  
  23  2:28  Assimilator  
  24  2:37  Probe (Chrono Boost)  
  24  2:49  Probe (Chrono Boost)  
  25  2:50  Gateway  
  25  2:53  Gateway  
  25  2:57  Forge  
  26  3:01  Probe (Chrono Boost)  
  27  3:14  Probe (Chrono Boost)  
  28  3:45  Protoss Shields Level 1  
  28  3:55  Forge  
  28  3:59  Cybernetics Core  
  28  4:03  Cybernetics Core  
  28  4:12  Solar Efficiency Level 1  
  28  4:16  Pylon  
  28  4:22  Pylon  
  28  4:33  Probe (Chrono Boost)  
  29  4:45  Probe (Chrono Boost)  
  30  4:57  Probe (Chrono Boost)  
  30  5:09  Probe (Chrono Boost)  
  32  5:21  Probe (Chrono Boost)  
  32  5:22  Protoss Air Weapons Level 1  
  33  5:33  Probe (Chrono Boost)  
  34  5:46  Probe (Chrono Boost)  
  35  5:58  Probe (Chrono Boost)  
  35  6:07  Protoss Air Armor Level 1  
  36  6:10  Probe (Chrono Boost)  
  36  6:13  Nexus  
  37  6:22  Probe (Chrono Boost)  
  37  6:24  Pylon  
  37  6:27  Pylon  
  38  6:31  Pylon  
  38  6:34  Probe (Chrono Boost)  
  39  6:45  Warp Gate  
  39  6:46  Probe (Chrono Boost)  
  40  6:58  Probe (Chrono Boost)  
  40  7:08  Stargate  
  41  7:10  Probe (Chrono Boost), Stargate  
  42  7:21  Twilight Council  
  42  7:22  Probe (Chrono Boost)  
  43  7:31  Probe (Chrono Boost)  
  43  7:32  Assimilator  
  43  7:33  Probe (Chrono Boost)  
  43  7:36  Probe (Chrono Boost)  
  43  7:38  Probe (Chrono Boost)  
  44  7:40  Probe (Chrono Boost)  
  44  7:43  Probe (Chrono Boost)  
  44  7:45  Probe (Chrono Boost)  
  44  7:48  Probe (Chrono Boost)  
  46  7:52  Probe (Chrono Boost)  
  52  8:26  Assimilator  
  52  8:37  Probe (Chrono Boost)  
  54  9:46  Protoss Shields Level 2  
  54  9:48  Protoss Air Armor Level 2  
  54  9:49  Protoss Air Weapons Level 2  
  53  9:50  Photon Cannon x2  
  53  9:54  Photon Cannon  
  53  9:56  Photon Cannon  
  31  10:20  Solar Efficiency Level 2  
  31  10:25  Carrier x2  
  28  10:44  Rapid Recharging  
  28  11:00  Fleet Beacon  
  40  12:30  Probe (Chrono Boost)  
  41  12:41  Unknown  
  41  12:42  Probe (Chrono Boost)  
  42  12:54  Probe (Chrono Boost)  
  43  13:06  Probe (Chrono Boost)  
  44  13:18  Probe (Chrono Boost)  
  45  13:31  Probe (Chrono Boost)  
Tags
 
Commander
KaraxSwann
Matchup
Co-op
Replay Pack
Multiplayer
Add a new tag
Caveats
  • Supply blocks, unpowered buildings, or Contaminate may cause inaccurate times.
  • Supply counts are checked every 10 seconds.